 Dungeon Crawl Stone Soup version 0.17.0-15-g6d90897 (console) character file.

260 gw the Chucker (level 6, -1/48 HPs)
             Began as a Merfolk Hunter on Nov 11, 2015.
             Slain by Grinder (6 damage)
             ... on level 3 of the Dungeon.
             The game lasted 00:02:58 (2839 turns).

gw the Chucker (Merfolk Hunter)                     Turns: 2839, Time: 00:02:58

Health: -1/48      AC:  9    Str: 12    XL:     6   Next: 17%
Magic:  6/6        EV: 13    Int: 10    God:
Gold:   134        SH:  0    Dex: 17    Spells: 0 memorised, 5 levels left

rFire  . . .     SeeInvis .     c - +0 short sword
rCold  . . .     Clarity  .     j - +0 ring mail
rNeg   . . .     SustAt   .     (no shield)
rPois  .         Gourm    .     (no helmet)
rElec  .         Spirit   .     i - +0 cloak
rCorr  .         Warding  .     h - +0 pair of gloves
rMut   .         Stasis   .     f - +1 pair of boots
MR     .....                    (no amulet)
Stlth  +.........               (no ring)
                                (no ring)

@: not resistant to hostile enchantments, very unstealthy
A: change form in water, swift swim
a: no special abilities


You were on level 3 of the Dungeon.
You were very hungry.

You visited 1 branch of the dungeon, and saw 3 of its levels.

You collected 134 gold pieces.

Inventory:

Hand Weapons
 c - a +0 short sword (weapon)
Missiles
 a - 6 poisoned needles
 b - 2 throwing nets
 d - 2 javelins (quivered)
 g - 86 stones
Armour
 f - a +1 pair of boots (worn)
 h - a +0 pair of gloves (worn)
 i - a +0 cloak (worn)
 j - a +0 ring mail (worn)
Comestibles
 e - 4 bread rations


   Skills:
 + Level 3.8 Fighting
 * Level 5.7 Throwing
 + Level 5.0 Dodging
 - Level 1.1 Stealth


You had 5 spell levels left.
You didn't know any spells.

Dungeon Overview and Level Annotations

Branches:
Dungeon (3/15)

Altars:

Annotations:
D:3 Grinder


Message History

You hit Grinder but do no damage.
Grinder is heavily wounded.
Grinder hits you but does no damage.
Unknown command.
Unknown command.
Unknown command.
Unknown command.
ATTACK MOVE TO (-1,-1)
You closely miss Grinder.
Grinder is heavily wounded.
Grinder closely misses you.
Unknown command.
Unknown command.
Unknown command.
Unknown command.
ATTACK MOVE TO (-1,-1)
You hit Grinder.
Grinder is severely wounded.
Grinder hits you!
You writhe in agony.
You die...

......................#
........#.............#
........#.............#
......................#
......................#
......................#
.###..................#
...######......5......#
...##...............).....#


You could see Grinder.

Table legend:
 A = Turns spent in this place as a percentage of turns spent in the entire game.
 B = Non-inter-level travel turns spent in this place as a percentage of non-inter-level travel turns spent in the entire game.
 C = Inter-level travel turns spent in this place as a percentage of turns spent in this place.
 D = Turns resting spent in this place as a percentage of non-inter-level travel turns spent in this place.
 E = Turns spent auto-exploring this place as a percentage of non-inter-level travel turns spent in this place.
 F = Non-inter-level travel turns spent in this place divided by the number of levels of this place that you've seen.
                   A       B       C       D       E      F
               +-------+-------+-------+-------+-------+----------------------
         Total | 100.0 | 100.0 |   0.5 |   0.7 |   2.6 | 1344.0
       Dungeon | 100.0 | 100.0 |   0.5 |   0.7 |   2.6 | 1344.0
               +-------+-------+-------+-------+-------+----------------------

Table legend:
 A = Kills in this place as a percentage of kills in entire the game.
 B = Kills by you in this place as a percentage of kills by you in the entire game.
 C = Kills by friends in this place as a percentage of kills by friends in the entire game.
 D = Other kills in this place as a percentage of other kills in the entire game.
 E = Experience gained in this place as a percentage of experience gained in the entire game.
 F = Experience gained in this place divided by the number of levels of this place that you have seen.
                   A       B       C       D       E      F
               +-------+-------+-------+-------+-------+----------------------
         Total | 100.0 | 100.0 |  -nan |  -nan | 100.0 | 124.0
       Dungeon | 100.0 | 100.0 |  -nan |  -nan | 100.0 | 124.0
               +-------+-------+-------+-------+-------+----------------------

Vanquished Creatures
  Sigmund (D:2)
  3 adders
  An ooze (D:2)
  3 worms (D:3)
  3 orcs (D:3)
  9 bats
  4 giant cockroaches
  7 hobgoblins
  9 kobolds
  3 giant newts (D:1)
  13 goblins
  A quokka (D:3)
  5 rats
62 creatures vanquished.

Vanquished Creatures (others)
  4 toadstools (D:1)
4 creatures vanquished.

Grand Total: 66 creatures vanquished

Notes
Turn   | Place    | Note
--------------------------------------------------------------
     0 | D:1      | gw the Merfolk Hunter began the quest for the Orb.
     0 | D:1      | Reached XP level 1. HP: 16/16 MP: 1/1
   109 | D:1      | Reached XP level 2. HP: 21/23 MP: 2/2
   810 | D:2      | Reached XP level 3. HP: 28/28 MP: 3/3
  1330 | D:2      | Noticed Sigmund
  1345 | D:2      | Killed Sigmund
  1345 | D:2      | Reached skill level 5 in Throwing
  1345 | D:2      | Reached XP level 4. HP: 26/35 MP: 4/4
  1345 | D:2      | Reached XP level 5. HP: 30/41 MP: 5/5
  1460 | D:2      | Reached skill level 5 in Dodging
  1715 | D:3      | Reached XP level 6. HP: 45/48 MP: 6/6
  2798 | D:3      | Noticed Grinder
  2824 | D:3      | Paralysed by Grinder for 4 turns
  2832 | D:3      | Paralysed by Grinder for 4 turns
  2839 | D:3      | Slain by Grinder

Action                   |  1- 3 |  4- 6 || total
-------------------------+-------+-------++-------
Melee: Short sword       |    90 |    74 ||   164
Throw: Javelin           |    34 |    16 ||    50
       Stone             |    29 |    64 ||    93
 Stab: Sleeping          |     1 |       ||     1
  Eat: Chunk             |     1 |     4 ||     5

Vault maps used:
D:1:      ldierk_walled_garden_2, st_stairs_7
D:2:      first_bread, kennysheep_generic_room_11, uniq_sigmund
D:3:      uniq_grinder
